 Dungeon Crawl Stone Soup version 0.25-a0-161-gb7fd73da8f (webtiles) character file.

Game seed: 13940262095761853105, levelgen mode: deterministic

492 Leeroy the Slasher (level 6, -5/48 HPs)
             Began as a Draconian Skald on Nov 21, 2019.
             Was an Initiate of Okawaru.
             Slain by an ice beast (11 damage)
             ... on level 6 of the Dungeon.
             The game lasted 00:11:09 (5178 turns).

Leeroy the Slasher (Draconian Skald)                Turns: 5178, Time: 00:11:10

Health: -5/48      AC:  6    Str: 13    XL:     6   Next: 91%
Magic:  5/9        EV: 12    Int: 15    God:    Okawaru [......]
Gold:   317        SH:  0    Dex: 11    Spells: 0/9 levels left

rFire    . . .     SeeInvis .   w - +0 falchion (holy)
rCold    . . .     Gourm    .   (no shield)
rNeg     + . .     Faith    .   (armour unavailable)
rPois    +         Spirit   .   (helmet restricted)
rElec    .         Reflect  .   (no cloak)
rCorr    .         Harm     .   (no gloves)
MR       .....                  (no boots)
Stlth    +.........             (no amulet)
HPRegen  0.16/turn              k - ring of positive energy
MPRegen  0.11/turn              t - ring of poison resistance

@: no status effects
A: unfitting armour, cold-blooded, AC +6
a: Renounce Religion


You were on level 6 of the Dungeon.
You worshipped Okawaru.
Okawaru was noncommittal.
You were not hungry.

You visited 2 branches of the dungeon, and saw 7 of its levels.

You collected 317 gold pieces.

Inventory:

Hand Weapons
 a - a +0 falchion
 d - a +1 vampiric war axe
 u - a +2 vampiric spear
 v - a -3 dire flail
 w - a +0 falchion of holy wrath (weapon)
Missiles
 f - 79 poisoned darts (quivered)
Jewellery
 k - a ring of positive energy (left hand)
 t - a ring of poison resistance (right hand)
Wands
 q - a wand of paralysis (11)
Scrolls
 e - 6 scrolls of remove curse
 h - a scroll of blinking
 i - 6 scrolls of teleportation
 l - 2 scrolls of enchant weapon {unknown}
 n - a scroll of magic mapping {unknown}
 o - a scroll of enchant armour {unknown}
 p - a scroll of immolation {unknown}
 y - 4 scrolls of identify
 A - a scroll of fog {unknown}
Potions
 b - 2 potions of might
 g - a potion of heal wounds {unknown}
 j - 2 potions of magic {unknown}
 m - a potion of lignification {unknown}
 r - a potion of flight {unknown}
 s - a potion of haste
 x - a potion of berserk rage {unknown}
 z - a potion of agility {unknown}
Comestibles
 c - 11 rations


   Skills:
 - Level 2.1 Fighting
 - Level 6.5 Long Blades
 - Level 2.1 Dodging
 - Level 2.0 Spellcasting
 + Level 3.3 Conjurations
 - Level 2.6 Charms
 - Level 0.3 Translocations


You couldn't memorise any spells.
You knew the following spells:

 Your Spells              Type           Power        Failure   Level  Hunger
a - Infusion              Chrm           #...         8%          1    #......
b - Shroud of Golubria    Chrm/Tloc      #.....       19%         2    ###....
c - Spectral Weapon       Hex/Chrm       #.......     36%         3    ###....
d - Mephitic Cloud        Conj/Pois/Air  #.......     38%         3    ###....

Your spell library contained the following spells:

 Spells                   Type           Power        Failure   Level  Hunger
 Magic Dart               Conj           ##..         6%          1    #......
 Song of Slaying          Chrm           #.......     11%         2    ###....
 Blink                    Tloc           N/A          30%         2    ###....
 Call Imp                 Summ           #.......     32%         2    ###....
 Slow                     Hex            #.......     32%         2    ###....
 Conjure Flame            Conj/Fire      #.......     34%         3    ###....
 Regeneration             Chrm/Necr      #.........   36%         3    ###....


Dungeon Overview and Level Annotations

Branches:
Dungeon (6/15)             Temple (1/1) D:4

Altars:
Ashenzari
Cheibriados
Dithmenos
Elyvilon
Fedhas
Gozag
Hepliaklqana
Kikubaaqudgha
Makhleb
Nemelex Xobeh
Okawaru
Qazlal
Ru
Sif Muna
Vehumet
Wu Jian
Xom
Yredelemnul
Zin
The Shining One

Annotations:
D:3 3 runed translucent doors, Sigmund; Xiguana's ghost, amateur OgAr
D:5 Dowan; Duvessa; Eustachio


Innate Abilities, Weirdness & Mutations

Your plain brown scales are hard. (AC +6)
You cannot fit into any form of body armour.
You are cold-blooded and may be slowed by cold attacks.


Message History

The ice beast freezes you.
You feel as though you will be slow longer.
* * * LOW HITPOINT WARNING * * *
You slash the ice beast!
The ice beast is severely wounded.
Your spectral weapon hits the ice beast but does no damage.
The ice beast barely misses you.
You hit the ice beast but do no damage.
The ice beast is severely wounded.
Your spectral weapon hits the ice beast.
The ice beast hits you but does no damage.
The ice beast barely misses you.
You closely miss the ice beast. You tail-slap the ice beast.
The ice beast is almost dead.
You feel yourself speed up.
Your spectral weapon hits the ice beast but does no damage.
The ice beast hits you.
* * * LOW HITPOINT WARNING * * *
The ice beast freezes you!
You die...

.........# ..#
.#..####.#
..###
#..###.###..#
##...#...<.#
##..........#
#.............#
#............##
#..............
##.(@..!....###
##.Y......##
............
##.........##
..........#
##..<......#
###########


You could see an ice beast and a friendly spectral +0 falchion of holy wrath.

Vanquished Creatures
  Blork the orc (D:4)
  A water moccasin skeleton (D:6)
  A crimson imp (D:4)
  2 orc wizards
  Natasha (thrice) (D:2)
  3 worker ants
  3 adders (D:2)
  4 gnolls
  2 oozes
  A worm (D:4)
  3 dart slugs
  2 leopard geckos
  4 orcs
  2 ball pythons
  5 bats
  2 giant cockroaches
  5 hobgoblins
  4 jackals (D:4)
  9 kobolds
  A quokka (D:4)
  4 frilled lizards
  2 goblins
  7 rats
71 creatures vanquished.

Notes
Turn   | Place    | Note
-------+----------+-------------------------------------------
     0 | D:1      | Leeroy the Draconian Skald began the quest for the Orb.
     0 | D:1      | Reached XP level 1. HP: 17/17 MP: 3/3
   205 | D:1      | Reached XP level 2. HP: 21/24 MP: 5/5
   227 | D:1      | Reached skill level 3 in Long Blades
   232 | D:1      | Learned a level 2 spell: Shroud of Golubria
   405 | D:1      | Reached XP level 3. HP: 13/29 MP: 6/6
   410 | D:1      | Learned a level 3 spell: Spectral Weapon
   701 | D:2      | Noticed Natasha
   709 | D:2      | Killed Natasha
   709 | D:2      | Reached skill level 4 in Long Blades
   736 | D:2      | Found a faded altar of an unknown god.
   810 | D:2      | Noticed Natasha
   818 | D:2      | Killed Natasha
   818 | D:2      | Reached XP level 4. HP: 24/36 MP: 2/7
  1241 | D:2      | Noticed Natasha
  1262 | D:2      | Killed Natasha
  1262 | D:2      | Reached skill level 5 in Long Blades
  1554 | D:2      | Reached XP level 5. HP: 41/41 MP: 8/8
  2030 | D:3      | Found a runed translucent gate.
  2030 | D:3      | Found a runed translucent gate.
  2030 | D:3      | Noticed Xiguana's ghost (amateur OgAr)
  2031 | D:3      | Found a runed translucent gate.
  2032 | D:3      | Identified the +9 dagger "Fahup" {elec, rPois rC- MR+
                  | Str+7}
  2219 | D:3      | Found a snail-covered altar of Cheibriados.
  2364 | D:3      | Noticed Sigmund
  2764 | D:3      | Reached skill level 6 in Long Blades
  3149 | D:3      | Reached XP level 6. HP: 35/48 MP: 4/9
  3154 | D:3      | Learned a level 3 spell: Mephitic Cloud
  3325 | D:4      | Found a shadowy altar of Dithmenos.
  3344 | D:4      | Found a staircase to the Ecumenical Temple.
  3382 | Temple   | Entered the Ecumenical Temple
  3581 | Temple   | Became a worshipper of Warmaster Okawaru
  3930 | D:5      | Entered Level 5 of the Dungeon
  3930 | D:5      | Noticed Blork the orc
  3949 | D:5      | Noticed Duvessa
  3966 | D:4      | HP: 2/48 [poisoned by a worker ant]
  3974 | D:4      | HP: 2/48 [poisoned by a worker ant]
  4523 | D:4      | Killed Blork the orc
  4523 | D:4      | Reached skill level 1 in Conjurations
  4784 | D:5      | Noticed Dowan
  5037 | D:5      | Found a glowing golden altar of the Shining One.
  5041 | D:5      | Found a radiant altar of Vehumet.
  5046 | D:5      | Found a glowing silver altar of Zin.
  5097 | D:5      | Noticed Eustachio
  5168 | D:6      | Noticed an ice beast
  5178 | D:6      | Slain by an ice beast

Levels and vault maps discovered:
D:1:      minmay_arrival_split_and_join, layout_loops_ring
D:2:      layout_basic, first_ration, chequers_ecumenical_altar_simple_redux,
          uniq_natasha
D:3:      layout_basic, kennysheep_slug_shrine, gammafunk_ghost_nasty_kobolds,
          uniq_sigmund
D:4:      layout_cave_pools, lemuel_doored_altar,
          minmay_temple_entry_stoned_glass, lightli_corner_chamber
D:5:      layout_cave_pools, minmay_overflow_temple_star_quad,
          nicolae_ossuary_entry_plus, uniq_menkaure, uniq_blork_the_orc,
          uniq_duvessa, uniq_eustachio
D:6:      layout_rooms, gup_sewer_entry_bowl
Temple:   regret_index_temple_generic_petals

Skill      XL: |  1  2  3  4  5  6 |
---------------+-------------------+-----
Long Blades    | 3 4 5 6 |  6.5
Conjurations   | 3 |  3.3
Fighting       | |  2.1
Dodging        | |  2.1
Spellcasting   | |  2.0
Charms         | |  2.6
Translocations | |  0.3

Action                   |  1- 3 |  4- 6 || total
-------------------------+-------+-------++-------
Melee: Falchion          |    57 |   187 ||   244
       Tailslap          |     7 |    27 ||    34
       Spear             |       |    87 ||    87
 Cast: Infusion          |     1 |     1 ||     2
       Shroud of Golubri |     2 |     9 ||    11
       Spectral Weapon   |       |     3 ||     3
       Mephitic Cloud    |       |     2 ||     2
  Use: Scroll            |       |     7 ||     7
       Potion            |       |     1 ||     1
  Eat: Chunk             |       |     9 ||     9
       Ration            |       |     2 ||     2
Armor: Skin              |    11 |    75 ||    86
Dodge: Dodged            |    41 |   172 ||   213
       Rpst.: Falchion   |    14 |    42 ||    56

Table legend:
 A = Non-vault XP
 B = Vault XP
 C = Vault XP percentage of total XP
 D = Non-vault monster count
 E = Vault monster count
 F = Vault count percentage of total count
                 A         B        C        D         E       F
            +---------+---------+-------+---------+---------+-------
      Total |     569 |     135 |  19.2 |      68 |       3 |   4.2
            +---------+---------+-------+---------+---------+-------
        D:1 |      47 |       0 |   0.0 |      16 |       0 |   0.0
        D:2 |     132 |      35 |  21.0 |      17 |       1 |   5.6
        D:3 |      98 |       4 |   3.9 |      14 |       1 |   6.7
        D:4 |     213 |      96 |  31.1 |      17 |       1 |   5.6
        D:5 |       3 |       0 |   0.0 |       1 |       0 |   0.0
        D:6 |      76 |       0 |   0.0 |       3 |       0 |   0.0
            +---------+---------+-------+---------+---------+-------
